 Dungeon Crawl Stone Soup version 0.30-a0-636-g200c5c4a83 (webtiles) character file.

Game seed: 12066337712358346276

1164 Fenrisus the Cleaver (level 8, -7/70 HPs)
             Began as a Hill Orc Fighter on Jan 15, 2023.
             Was an Initiate of Gozag.
             Mangled by a Hell Sentinel (31 damage)
             ... on level 1 of the Abyss.
             The game lasted 00:23:13 (3470 turns).

Fenrisus the Cleaver (Hill Orc Fighter)             Turns: 3470, Time: 00:23:13

Health: -7/70      AC:  7    Str: 21    XL:     8   Next: 40%
Magic:  8/8        EV: 10    Int:  8    God:    Gozag
Gold:   379        SH:  0    Dex: 10    Spells: 7/7 levels left

rFire   . . .      SeeInvis +    x - +6 shillelagh "Devastator" {shatter}
rCold   . . .      Faith    .    h - orb {light}
rNeg    . . .      Spirit   .    b - +0 scale mail
rPois   +          Reflect  .    (no helmet)
rElec   .          Harm     .    (no cloak)
rCorr   .          Rampage  .    (no gloves)
Will    .....                    (no boots) Stlth
                                 (no amulet)
HPRegen 0.31/turn                f - ring of see invisible
MPRegen 0.11/turn                w - ring of poison resistance

@: glowing
A: no striking features
a: Renounce Religion, Potion Petition, Call Merchant, Bribe Branch


You were on level 1 of the Abyss.
You worshipped Gozag.
Gozag was aware of your devotion.
You visited 1 branch of the dungeon, and saw 5 of its levels.
You visited the Abyss 1 time.

You collected 424 gold pieces.
You paid 45 gold pieces to Gozag.

Inventory:

Hand Weapons
 a - a +1 war axe of freezing
 d - a +5 war axe of distortion
 x - the +6 shillelagh "Devastator" (weapon) {shatter}
   (You found it on level 5 of the Dungeon)
Armour
 b - a +0 scale mail (worn)
 c - a +0 buckler
 h - an orb of light (worn)
 r - a +0 leather armour of willpower
Jewellery
 e - a ring of ice
 f - a ring of see invisible (left hand)
 k - a ring of magical power
 w - a ring of poison resistance (right hand)
Scrolls
 i - a scroll of torment {unknown}
 l - a scroll of fear {unknown}
 o - a scroll of silence
 p - 2 scrolls of amnesia
 q - 3 scrolls of enchant armour
 s - a scroll of teleportation {unknown}
Potions
 g - a potion of ambrosia
 j - a potion of heal wounds
 m - a potion of resistance {unknown}
 n - a potion of haste {unknown}
 t - a potion of mutation {unknown}
 u - a potion of attraction {unknown}
 v - a potion of curing {unknown}


   Skills:
 + Level 6.1 Fighting
 + Level 8.5 Axes
 + Level 6.5 Armour
 + Level 2.0 Dodging
 + Level 1.1 Stealth
 + Level 3.5 Shields


You had 7 spell levels left.
You didn't know any spells.
Your spell library was empty.

Dungeon Overview and Level Annotations

Branches:
Dungeon (5/15)
 Temple: D:4-7

Altars:
Gozag
Hepliaklqana
Trog
Vehumet
The Shining One

Shops:
D:4 [

Annotations:
D:4 exclusion: statue


Message History

You slash the ogre!
You kill the ogre!
You now have 372 gold pieces (gained 33).
Things that are here:
a +0 giant club; a +0 giant spiked club
Found 5 stones.
You see here the +6 shillelagh "Devastator" {shatter}.
x - the +6 shillelagh "Devastator" {shatter}
Things that are here:
a +0 giant club; a +0 giant spiked club Time to lay down the shillelagh law.
x - the +6 shillelagh "Devastator" (weapon)
{shatter} You are cast into the Abyss!
This branch contains the abyssal rune of Zot.
HP restored.
You thump the hound!
The hound shudders.
You kill the hound!
You now have 379 gold pieces (gained 7).
A Hell Sentinel appears in a shower of sparks.
The Hell Sentinel gestures at you.
The sphere of damnation explodes!
The damnation engulfs you!!
You hear a chilling moan.
You can't see any enemies this would affect, really read the scroll of silence?
Okay, then.
You are confused.
You feel invigorated.
You bump into the stone wall.
You are too confused!
You are too confused!
You bump into the stone wall.
The Hell Sentinel gestures at you. The iron shot hits you!!!
Ouch! That really hurt!
* * * LOW HITPOINT WARNING * * *
You feel less invigorated.
You feel less confused.
You are too injured to fight recklessly!
The Hell Sentinel hits you!!
You die...
Your body crumbles into a pile of gold.

###.... # #.. #
#....##.#.. # ..
#..#.#....# ...
##..... .# ..
#... #...#......
....#####.#.#...
.#
#......###....#
###..1..# ..#.#
#.#..@## ...#
#.###...# ## ..#
..#......
.#...#.........
# ##. #..#.....#
.. #.. ...#..# .
#.. .#...## ..#
....#.


You could see a Hell Sentinel.

Vanquished Creatures
  2 black bears
  An ice beast (D:5)
  A centaur (D:4)
  2 ogres (D:5)
  A scorpion (D:5)
  A necrophage (D:5)
  A jelly (D:5)
  A hound (Abyss:1)
  5 iguanas
  4 orc wizards (D:4)
  4 gnolls (D:5)
  7 adders
  An ufetubus (D:3)
  2 worms (D:2)
  2 dart slugs
  12 orcs
  3 bats
  8 endoplasms
  3 giant cockroaches
  5 goblins
  4 hobgoblins
  12 jackals
  3 quokkas
  8 ball pythons
  7 frilled lizards
  4 kobolds
  5 rats
109 creatures vanquished.

Notes
Turn   | Place    | Note
-------+----------+-------------------------------------------
     0 | D:1      | Fenrisus the Hill Orc Fighter began the quest for the Orb.
     0 | D:1      | Reached XP level 1. HP: 19/19 MP: 1/1
   152 | D:1      | Reached XP level 2. HP: 27/27 MP: 2/2
   236 | D:1      | Reached skill level 3 in Axes
   570 | D:1      | Reached XP level 3. HP: 29/33 MP: 3/3
  1007 | D:2      | Found a glowing golden altar of the Shining One.
  1162 | D:2      | You fall into a shaft and drop 2 floors!
  1195 | D:3      | Reached XP level 4. HP: 16/40 MP: 4/4
  1350 | D:2      | Reached skill level 4 in Axes
  1495 | D:2      | Reached skill level 1 in Dodging
  1908 | D:3      | Reached XP level 5. HP: 46/46 MP: 5/5
  2170 | D:4      | Noticed a black bear
  2180 | D:4      | Killed a black bear
  2181 | D:4      | Reached skill level 5 in Axes
  2181 | D:4      | Reached XP level 6. HP: 37/53 MP: 6/6
  2264 | D:4      | Identified a scroll of acquirement
  2264 | D:4      | Acquired a +5 war axe of distortion
  2349 | D:4      | Reached skill level 5 in Armour
  2456 | D:4      | Found George's Dragon-Slaying Spoils.
  2499 | D:4      | Found a hazy altar of Hepliaklqana.
  2507 | D:4      | Reached skill level 6 in Axes
  2511 | D:4      | Reached XP level 7. HP: 54/60 MP: 7/7
  2523 | D:4      | Found an opulent altar of Gozag.
  2659 | D:4      | Became a worshipper of Gozag Ym Sagoz the Greedy
  2729 | D:4      | Found a radiant altar of Vehumet.
  2933 | D:4      | Found a bloodstained altar of Trog.
  3082 | D:5      | Entered Level 5 of the Dungeon
  3112 | D:5      | Reached skill level 7 in Axes
  3114 | D:5      | Reached skill level 5 in Fighting
  3163 | D:5      | Found a glowing golden altar of the Shining One.
  3272 | D:5      | Reached skill level 1 in Stealth
  3292 | D:5      | Reached skill level 8 in Axes
  3292 | D:5      | Reached XP level 8. HP: 57/70 MP: 8/8
  3395 | D:5      | Found the +6 shillelagh "Devastator" {shatter}
  3423 | Abyss:1  | Cast into level 1 of the Abyss (unwielding a weapon of
                  | distortion)
  3457 | Abyss:1  | Noticed a Hell Sentinel
  3470 | Abyss:1  | Mangled by a Hell Sentinel

Illustrated notes

Levels and vault maps discovered:
D:1:      giann_wishing_wells, layout_loops_corners
D:2:      layout_rooms, basic_altar, minmay_tetromino_s2
D:3:      layout_rooms, nrook_campfire
D:4:      layout_cave_pools, nicolae_gozag_seed_capital, vehumet_statue,
          mainiacjoe_overflow_alcove_1, lemuel_tele_altar,
          nicolae_shop_dragon_depot, kennysheep_another_room
D:5:      layout_loops_ring, mainiacjoe_overflow_cross_hatched,
          dilly_guarded_unrand_devastator
Abyss:1:  base:
Temple

Skill      XL: |  1  2  3  4  5  6  7  8 |
---------------+-------------------------+-----
Axes           | 3 4 5 6 8 |  8.5
Fighting       | 4 5 6 |  6.1
Armour         | 4 5 6 |  6.5
Dodging        | 1 2 |  2.0
Stealth        | 1 |  1.1
Shields        | |  3.5

Action                   |  1- 3 |  4- 6 |  7- 9 || total
-------------------------+-------+-------+-------++-------
Melee: War axe           |    90 |    72 |    50 ||   212
       Shillelagh        |       |       |     1 ||     1
  Use: Potion            |     1 |       |     1 ||     2
       Scroll            |       |    10 |     1 ||    11
Armor: Scale mail        |    49 |    34 |    17 ||   100
Dodge: Dodged            |    52 |    41 |    18 ||   111
Block: Buckler           |     1 |       |       ||     1

Table legend: (Time is in decaauts)
 A = Elapsed time spent in this place.
 B = Non-inter-level travel time spent in this place.
 C = Inter-level travel time spent in this place.
 D = Time resting spent in this place.
 E = Time spent auto-exploring this place.
 F = Levels seen in this place.
 G = Mean time per level.
                   A        B        C        D        E       F      G
               +--------+--------+--------+--------+--------+-----+--------+
         Total |   3523 |   1062 |   2461 |    366 |      0 |   6 |  587.2 |
       Dungeon |   3476 |   1015 |   2461 |    366 |      0 |   5 |  695.2 |
         Abyss |     46 |     46 |      0 |      0 |      0 |   1 |   46.0 |
               +--------+--------+--------+--------+--------+-----+--------+

Top non-repeatable levels by time:
     D:1: 1001 daAuts
     D:4: 970 daAuts
     D:2: 603 daAuts
     D:3: 558 daAuts
     D:5: 343 daAuts
 Abyss:1: 46 daAuts
